Map: Neon Violet Square LE

Players

LiXeR - Winner!

  • Race: Protoss Protoss
  • League: Platinum
  • Spawn Location: 5:00

Juxtapose

  • Race: Zerg Zerg
  • League: Platinum
  • Spawn Location: 11:00

VOD

https://youtu.be/bGf3GANXcEc

Description

I just played poorly this match. I completely messed up my early build, scouted and anticipated early aggression, but didn't do much to prepare for it.

Instead of going for Roaches, once again I should have focused on Zerglings (with Metabolic Boost) and Banelings.

Next time.

Time

  • Played on: Jan. 25, 2018, 7:40 p.m.
  • Length: 6:54
Show
View Real Time Build Order
Export as new Build Order

LiXeR Protoss - Winner!

Build Orders:  

Get SALT Encoding   

  12  0:01  Probe  
  13  0:13  Probe  
  14  0:21  Pylon  
  14  0:25  Probe  
  15  0:39  Probe  
  15  0:40  Gateway  
  16  0:51  Probe  
  17  1:04  Assimilator  
  17  1:05  Probe  
  18  1:17  Probe  
  19  1:27  Cybernetics Core  
  19  1:29  Probe  
  20  1:41  Probe  
  21  1:50  Gateway  
  21  1:52  Gateway  
  21  1:54  Gateway  
  21  1:58  Pylon  
  21  2:04  Probe  
  21  2:07  Warp Gate (Chrono Boost)  
  22  2:16  Stalker  
  22  2:22  Probe  
  25  2:27  Assimilator  
  25  2:42  Adept x3  
  30  2:54  Pylon  
  30  3:01  Probe (Chrono Boost)  
  31  3:13  Adept, Probe (Chrono Boost)  
  34  3:20  Pylon  
  34  3:26  Zealot x2  
  38  4:03  Pylon  
  38  4:21  Adept x4  
  36  4:40  Twilight Council  
  36  4:42  Stalker x4  
  44  4:59  Pylon  
  44  5:05  Stalker  
  46  5:08  Pylon  
  40  5:22  Stalker  
  40  5:26  Zealot  
  42  5:37  Zealot x2  
  46  5:53  Sentry x2  
  48  6:08  Stalker x2  
  50  6:24  Stalker x2  
  48  6:40  Zealot x2  
Show
View Real Time Build Order
Export as new Build Order

Juxtapose Zerg 

Build Orders: Hatch First 

Get SALT Encoding   

  12  0:01  Drone  
  13  0:09  Drone  
  14  0:15  Extractor  
  14  0:18  Drone  
  14  0:27  Overlord  
  15  0:47  Drone  
  16  0:55  Hatchery  
  15  0:59  Drone  
  16  1:04  Extractor  
  16  1:08  Drone  
  16  1:16  Spawning Pool  
  15  1:18  Drone  
  16  1:27  Drone x2  
  18  1:33  Overlord  
  18  1:46  Drone  
  19  1:57  Drone  
  20  2:04  Queen  
  20  2:05  Zergling x2  
  23  2:09  Drone  
  23  2:13  Queen  
  26  2:18  Drone  
  27  2:25  Zergling x2  
  28  2:38  Zergling x2  
  29  2:49  Roach Warren  
  27  2:56  Drone x5  
  32  2:59  Spine Crawler  
  31  3:09  Extractor  
  30  3:16  Spine Crawler  
  30  3:19  Zergling x4  
  32  3:20  Drone x2, Zergling x2  
  34  3:32  Overlord  
  34  3:33  Zergling x4  
  36  3:48  Overlord  
  36  3:50  Queen  
  36  3:52  Roach  
  40  3:56  Drone  
  41  4:07  Drone x3  
  41  4:08  Drone  
  42  4:29  Roach x2  
  42  4:30  Roach, Drone x3  
  50  4:39  Drone x2  
  50  4:41  Overlord x2  
  52  4:56  Evolution Chamber  
  52  4:57  Drone  
  52  5:01  Drone x2  
  52  5:02  Drone  
  43  5:24  Roach x4  
  43  5:25  Roach x3  
  53  5:30  Zergling x4  
  41  5:56  Roach x5  
  42  6:24  Roach x3  
Tags
 
Add a new tag
Caveats
  • Supply blocks, unpowered buildings, or Contaminate may cause inaccurate times.
  • Supply counts are checked every 10 seconds.